 Dungeon Crawl Stone Soup version 0.22.0-27-ga576289 (webtiles) character file.

1 Monsterracer the Sneak (level 1, 0/14 HPs)
             Began as a Merfolk Enchanter on Aug 22, 2018.
             Slain by a kobold
             ... wielding a +0 dagger
              (1 damage)
             ... on level 1 of the Dungeon.
             The game lasted 00:00:11 (20 turns).

Monsterracer the Sneak (Merfolk Enchanter)            Turns: 20, Time: 00:00:12

Health: 0/14       AC:  2    Str:  8    XL:     1   Next: 20%
Magic:  3/3        EV: 13    Int: 14    God:
Gold:   13         SH:  0    Dex: 14    Spells: 3/4 levels left

rFire    . . .     SeeInvis .   a - +1 dagger
rCold    . . .     Gourm    .   (no shield)
rNeg     . . .     Faith    .   b - +0 robe
rPois    .         Spirit   .   (no helmet)
rElec    .         Reflect  .   (no cloak)
rCorr    .         Harm     .   (no gloves)
MR       .....                  (no boots)
Stlth    ++........             (no amulet)
HPRegen  0.04/turn              (no ring)
MPRegen  0.08/turn              (no ring)

@: no status effects
A: change form in water, swift swim, stealthy swim
a: no special abilities


You were on level 1 of the Dungeon.
You were not hungry.

You visited 1 branch of the dungeon, and saw 1 of its levels.

You collected 13 gold pieces.

Inventory:

Hand Weapons
 a - a +1 dagger (weapon)
Armour
 b - a +0 robe (worn)
Comestibles
 c - a ration


   Skills:
 * Level 0.3 Fighting
 + Level 1.3 Short Blades
 - Level 2.6 Dodging
 - Level 3.2 Stealth
 - Level 2.0 Spellcasting
 - Level 3.0 Hexes


You had 3 spell levels left.
You knew the following spells:

 Your Spells              Type           Power        Failure   Level  Hunger
a - Corona                Hex            #......      7%          1    ##.....

Your spell library contained the following spells:

 Spells                   Type           Power        Failure   Level  Hunger
 Ensorcelled Hibernation  Hex/Ice        #.....       19%         2    ###....
 Confuse                  Hex            #.......     21%         3    ####...
 Tukima's Dance           Hex            #.......     21%         3    ####...
 Dazzling Spray           Conj/Hex       #.....       36%         3    ####...


Dungeon Overview and Level Annotations

Branches:
Dungeon (1/15)

Altars:


Message History

c - a ration Welcome, Monsterracer the Merfolk Enchanter.
Will you prevail where others failed? Will you find the Orb of Zot?
Press ? for a list of commands and other information.
Found a scroll labeled UXZYZUFEOG and 13 gold pieces.
Found a staircase leading out of the dungeon.
A kobold comes into view.
Unknown command.
As you open the door, it creaks loudly!
You hear a shout!
There is an open door here.
The rat closely misses you.
You hit the rat.
You kill the rat!
No target in view!
No target in view!
The kobold is too close now for your liking.
A kobold is nearby!
A bat and a kobold come into view.
You see here 13 gold pieces.
There are monsters nearby!
The kobold shouts!
A rat and a kobold come into view.
Found 14 poisoned needles.
You closely miss the kobold.
The kobold shouts!
The kobold closely misses you.
You hit the kobold but do no damage. The kobold barely misses you.
You hit the kobold.
The kobold is severely wounded.
You hit the kobold.
You kill the kobold!
The rat bites you but does no damage.
Health restored: 14 You hit the kobold.
The kobold is heavily wounded.
The kobold barely misses you. The rat bites you. The kobold misses you.
You take 3 damage, and have 11/14 hp.
MASSIVE DAMAGE!!
You hit the kobold.
The kobold is severely wounded.
The kobold hits you with a dagger.
* * * LOW HITPOINT WARNING * * *
The rat closely misses you. The kobold hits you with a short sword.
* * * LOW HITPOINT WARNING * * *
You take 10 damage, and have 1/14 hp.
MASSIVE DAMAGE!!
The bat hits you but does no damage. The bat barely misses you.
You see here 13 gold pieces.
You now have 13 gold pieces.
The bat closely misses you. The kobold hits you with a dagger.
You die...

#.# #.# #.# #.#
#.#### ######....# .
#.........#
..#####.b⌠@..⌠..#
.(......KK###...#
....?....r#<'...#
..........###...#
.......†.⌠...⌠......
................####
.................#
........#######..#
........# ..#


You could see a bat, 2 kobolds and a rat.

Vanquished Creatures
  A kobold (D:1)
  A rat (D:1)
2 creatures vanquished.

Notes
Turn   | Place    | Note
-------+----------+-------------------------------------------
     0 | D:1      | Monsterracer the Merfolk Enchanter began the quest for the Orb.
     0 | D:1      | Reached XP level 1. HP: 13/13 MP: 3/3
    16 | D:1      | HP: 7/14 [kobold/dagger (4)]
    16 | D:1      | HP: 1/14 [kobold/short sword (6)]
    20 | D:1      | Slain by a kobold

Action                   || total
-------------------------++-------
Melee: Dagger            ||     7
Armor: Robe              ||     2
Dodge: Dodged            ||     8

Vault maps used:
D:1:      scummos_arrival_simple_fountains
